 Dungeon Crawl Stone Soup version 0.14-a0-30-gf0b6e91 (webtiles) character file.

4841 Kae the Covert (level 10, -9/44 HPs)
             Began as a Spriggan Enchanter on Sept 26, 2013.
             Was a Believer of Vehumet.
             Blown up by an eye of devastation (29 damage)
             ... with a bolt of energy
             ... on Level 9 of the Dungeon.
             The game lasted 00:20:50 (8726 turns).

Kae the Covert (Spriggan Enchanter)                 Turns: 8726, Time: 00:20:50

HP  -9/44        AC  4     Str  7      XL: 10   Next: 14%
MP   7/28        EV 18     Int 17      God: Vehumet [**....]
Gold 423         SH  0     Dex 17      Spells:  4 memorised, 11 levels left

Res.Fire  : . . .   See Invis. : +   g - +1,+4 dwarf dagger
Res.Cold  : . . .   Warding    : .   b - +1 robe
Life Prot.: . . .   Conserve   : .   (shield restricted)
Res.Poison: .       Res.Corr.  : .   (helmet restricted)
Res.Elec. : .       Clarity    : .   C - +0 cloak
Sust.Abil.: + .     Spirit.Shd : .   (gloves unavailable)
Res.Mut.  : .       Stasis     : .   (boots unavailable)
Res.Rott. : .       Flight     : .   (no amulet)
Saprovore : . . .                    (no ring)
                                     z - ring of sustain abilities

@: very slightly contaminated, very quick, quite resistant to hostile
enchantments, extremely stealthy
A: unfitting armour, see invisible, herbivore 3, speed 3, slow metabolism 2
a: Renounce Religion


You were on level 9 of the Dungeon.
You worshipped Vehumet.
Vehumet was pleased with you.
You were very hungry.

You visited 2 branches of the dungeon, and saw 10 of its levels.

You collected 403 gold pieces.

Inventory:

Hand weapons
 a - a +1,+1 dagger
 g - a +1,+4 dwarven dagger (weapon)
Missiles
 d - 94 darts (quivered)
 j - 5 exploding darts
 B - 3 darts of dispersal
Armour
 b - a +1 robe (worn)
 C - a +0 cloak (worn)
Magical devices
 o - a wand of confusion (9)
 q - a wand of flame (18)
 u - a wand of teleportation (2)
 w - a wand of flame (5)
 y - a wand of invisibility (3)
Comestibles
 k - 2 apples
 m - 9 bread rations
 r - a pear
 x - 13 grapes
 D - a rambutan
Scrolls
 l - 10 scrolls of identify
 p - a scroll of enchant weapon II
 s - 5 scrolls of fog
 t - 2 scrolls of remove curse
 v - a scroll of blinking
Jewellery
 z - a ring of sustain abilities (left hand)
Potions
 e - 2 potions of porridge
 f - 3 potions of might
 h - a potion of resistance
 i - 2 potions of heal wounds
 n - a potion of brilliance
Books
 c - a book of Maledictions

   Spells                             Type                      Level
   Corona                             Hexes                        1
   Sure Blade                         Hexes/Charms                 2
   *Ensorcelled Hibernation           Hexes/Ice                    2
   *Confuse                           Hexes                        3
   Enslavement                        Hexes                        4
   *Invisibility                      Hexes                        6
 E - a book of Ice

   Spells                             Type                      Level
   Freezing Aura                      Charms/Ice                   2
   *Ensorcelled Hibernation           Hexes/Ice                    2
   Ozocubu's Refrigeration            Ice                          6
   Bolt of Cold                       Conjuration/Ice              6
   Freezing Cloud                     Conjuration/Ice/Air          6
   Metabolic Englaciation             Hexes/Ice                    6
   Simulacrum                         Ice/Necromancy               6


   Skills:
 * Level 9.3 Short Blades
 - Level 1.1 Throwing
 - Level 3.0 Dodging
 * Level 12.9 Stealth
 + Level 7.5 Spellcasting
 + Level 8.2 Hexes


You had 11 spell levels left.
You knew the following spells:

 Your Spells              Type           Power        Failure   Level  Hunger
b - Ensorcelled Hibernat  Hex/Ice        ###...       2%          2    None
c - Confuse               Hex            ####....     1%          3    ##.....
d - Invisibility          Hex            ####....     63%         6    #######
e - Throw Frost           Conj/Ice       #.....       21%         2    None


Dungeon Overview and Level Annotations

Branches:
Dungeon (9/27)             Temple (1/1) D:5             Orc (0/4) D:7
   Lair: D:8-13

Altars:
Cheibriados
Elyvilon
Fedhas
Kikubaaqudgha
Makhleb
Okawaru
Sif Muna
Vehumet
Xom

Shops:
D:6 (


Innate Abilities, Weirdness & Mutations

You are tiny and cannot use many weapons and most armour.
You have supernaturally acute eyesight.
You are a herbivore.
You cover ground extremely quickly.
You need consume almost no food.


Message History

Casting: Ensorcelled Hibernation
Confirm with . or Enter, or press ? or * to list all spells.
Aiming: Confuse
Press: ? - help, Shift-Dir - straight line, f/p - eye of devastation
Aim: an eye of devastation The eye of devastation is unaffected.
The eye of devastation gazes at you. The bolt of energy hits you!
Ouch! That really hurt!
You hear a grinding noise.
Casting: Confuse
Confirm with . or Enter, or press ? or * to list all spells.
Aiming: Ensorcelled Hibernation
Press: ? - help, Shift-Dir - straight line, f/p - eye of devastation
Aim: an eye of devastation The eye of devastation is unaffected.
The eye of devastation gazes at you. The bolt of energy hits you!
Ouch! That really hurt!
You die...

..###.###.................
##.##.##.###..#...........
###D#.#.###...####........
####.####....#...........
....8......#.#.###..#...
####.####.....# ##.#.
#5#)#.###...## ..
#.##.##G###.##
.###.###@...#
.##...##.....#
#..#..#...### . ##...###
#####


You could see an eye of devastation and a crimson imp (sleeping).

Vanquished Creatures
  Pikel (D:8)
  Joseph (D:8)
  A spriggan (D:7)
  A hill giant zombie (D:8)
  A hippogriff (D:8)
  A wyvern (D:8)
  A hill giant skeleton (D:9)
  An ice beast (D:8)
  A black bear (D:6)
  3 ogres
  2 sky beasts (D:5)
  4 slaves (D:8)
  A phantom (D:6)
  3 centaurs
  6 giant frogs
  Blork the orc (D:5)
  3 crimson imps
  6 hounds
  4 killer bees (D:8)
  2 goliath beetles
  An orc priest (D:8)
  Crazy Yiuf (D:5)
  2 giant frog zombies
  3 iguanas
  An orc wizard (D:5)
  4 worker ants
  2 quasits
  A water moccasin skeleton (D:6)
  A scorpion (D:4)
  A hound zombie (D:5)
  A hound skeleton (D:5)
  9 gnolls
  9 adders
  A giant mite (D:4)
  3 worms
  An adder skeleton (D:6)
  An iguana skeleton (D:8)
  4 giant geckos
  4 oozes
  7 orcs
  13 bats
  A bat skeleton (D:4)
  5 giant cockroaches
  9 hobgoblins
  2 jackals (D:3)
  2 quokkas (D:8)
  2 ball pythons
  5 giant newts
  A giant spore (D:6)
  12 goblins
  A goblin skeleton (D:4)
  12 kobolds
  An orc zombie (D:6)
  A quokka skeleton (D:7)
  12 rats
  A ballistomycete (D:6)
  A fungus (D:5)
182 creatures vanquished.

Vanquished Creatures (others)
  A bat (D:6)
  A rat (D:6)
2 creatures vanquished.

Grand Total: 184 creatures vanquished

Notes
Turn   | Place    | Note
--------------------------------------------------------------
     0 | D:1      | Kae, the Spriggan Enchanter, began the quest for the Orb.
     0 | D:1      | Reached XP level 1. HP: 9/9 MP: 4/4
   485 | D:1      | Reached XP level 2. HP: 13/13 MP: 6/6
   503 | D:1      | Learned a level 2 spell: Ensorcelled Hibernation
  1142 | D:2      | Reached XP level 3. HP: 14/16 MP: 1/9
  1300 | D:2      | Reached skill level 4 in Hexes
  1575 | D:2      | Reached XP level 4. HP: 18/21 MP: 1/12
  2476 | D:3      | Reached skill level 5 in Stealth
  2476 | D:3      | Reached XP level 5. HP: 22/24 MP: 8/15
  2843 | D:3      | Found a blossoming altar of Fedhas.
  3214 | D:4      | Reached XP level 6. HP: 28/28 MP: 18/18
  3272 | D:4      | Reached skill level 6 in Stealth
  3377 | D:4      | Learned a level 3 spell: Confuse
  3653 | D:5      | Entered Level 5 of the Dungeon
  3809 | D:5      | Found a shimmering altar of Xom.
  3813 | D:5      | Found a shimmering altar of Xom.
  3815 | D:5      | Found a shimmering altar of Xom.
  3823 | D:5      | Reached skill level 7 in Stealth
  3823 | D:5      | Reached skill level 5 in Hexes
  3850 | D:5      | Reached XP level 7. HP: 26/32 MP: 7/20
  4079 | D:5      | Found a staircase to the Ecumenical Temple.
  4093 | D:5      | Noticed Blork the orc
  4153 | Temple   | Entered the Ecumenical Temple
  4171 | Temple   | Became a worshipper of Vehumet
  4276 | D:5      | Reached skill level 5 in Short Blades
  4367 | D:5      | Reached skill level 8 in Stealth
  4553 | D:5      | Noticed Crazy Yiuf
  4863 | D:5      | Killed Crazy Yiuf
  4939 | D:5      | Killed Blork the orc
  5037 | D:6      | Reached XP level 8. HP: 36/36 MP: 23/23
  5117 | D:6      | Learned a level 6 spell: Invisibility
  5159 | D:6      | Found Hahaff's Weapon Boutique.
  5299 | D:6      | Reached skill level 9 in Stealth
  5299 | D:6      | Reached skill level 5 in Spellcasting
  5458 | D:6      | Acquired Vehumet's first power
  5458 | D:6      | Offered knowledge of Sting by Vehumet.
  5840 | D:6      | Reached skill level 10 in Stealth
  6378 | D:7      | Reached XP level 9. HP: 33/39 MP: 22/25
  6765 | D:7      | Offered knowledge of Throw Frost by Vehumet.
  6769 | D:7      | Learned a level 2 spell: Throw Frost
  6916 | D:7      | Found a staircase to the Orcish Mines.
  7097 | D:7      | Noticed a spriggan baker
  7099 | D:7      | Killed a spriggan baker
  7099 | D:7      | Reached skill level 11 in Stealth
  7219 | D:8      | Found a burning altar of Makhleb.
  7453 | D:8      | Noticed Joseph
  7462 | D:8      | Killed Joseph
  7662 | D:8      | Reached skill level 12 in Stealth
  7816 | D:8      | Noticed Pikel
  7859 | D:8      | Killed Pikel
  7933 | D:8      | Reached XP level 10. HP: 34/44 MP: 28/28
  8173 | D:8      | Offered knowledge of Stone Arrow by Vehumet.
  8700 | D:9      | Noticed a five-headed hydra
  8726 | D:9      | Blown up by an eye of devastation

Action                   |  1- 3 |  4- 6 |  7- 9 | 10-12 || total
-------------------------+-------+-------+-------+-------++-------
Melee: Dagger            |   116 |   163 |   269 |    29 ||   577
Throw: Dart              |       |       |     3 |       ||     3
 Cast: Ensorcelled Hiber |    10 |    27 |    84 |     7 ||   128
       Corona            |       |     2 |       |       ||     2
       Confuse           |       |       |    13 |     7 ||    20
Evoke: Wand              |       |       |       |     7 ||     7
  Use: Potion            |       |     1 |    10 |       ||    11
       Scroll            |       |       |     2 |     9 ||    11
 Stab: Sleeping          |    14 |    21 |    63 |     9 ||   107
       Confused          |       |       |     9 |     1 ||    10
       Distracted        |       |       |     1 |       ||     1
